 Dungeon Crawl Stone Soup version 0.23.1 (webtiles) character file.

Game seed: 6705083986846538558

18 Kairos the Sneak (level 2, 0/15 HPs)
             Began as a Vine Stalker Assassin on Mar 17, 2019.
             Succumbed to an adder's poison
             ... on level 1 of the Dungeon.
             The game lasted 00:01:49 (814 turns).

Kairos the Sneak (Vine Stalker Assassin)             Turns: 814, Time: 00:01:50

Health: 0/15       AC:  5    Str: 11 (13) XL:     2   Next: 70%
Magic:  3/3        EV: 11    Int:  8 (11) God:
Gold:   101        SH:  0    Dex: 14 (15) Spells: 1/1 levels left

rFire    . . .     SeeInvis .   a - +2 dagger
rCold    . . .     Gourm    .   (no shield)
rNeg     + . .     Faith    .   o - +0 leather armour
rPois    .         Spirit   +   (no helmet)
rElec    .         Reflect  .   d - +0 cloak
rCorr    .         Harm     .   (no gloves)
MR       .....                  n - +0 pair of boots
Stlth    +++.......             (no amulet)
HPRegen  0.05/turn              k - ring of positive energy
MPRegen  0.08/turn              (no ring)

@: lethally poisoned (0 -> -5)
A: fangs 2, magic shield, antimagic bite, no potion heal 3, rot immunity
a: no special abilities


You were on level 1 of the Dungeon.
You were not hungry.

You visited 1 branch of the dungeon, and saw 2 of its levels.

You collected 101 gold pieces.

Inventory:

Hand Weapons
 a - a +2 dagger (weapon)
 b - a +0 blowgun
Missiles
 e - 8 poisoned needles
 f - 2 curare-tipped needles
Armour
 c - a +0 robe
 d - a +0 cloak (worn)
 n - a +0 pair of boots (worn)
 o - a +0 leather armour (worn)
Jewellery
 k - a ring of positive energy (left hand)
Scrolls
 j - a scroll of teleportation
 m - a scroll of immolation {unknown}
Potions
 h - a potion of lignification
Comestibles
 g - 2 rations


   Skills:
 + Level 2.0 Fighting
 + Level 2.0 Short Blades
 + Level 1.9 Throwing
 + Level 0.8 Dodging
 + Level 5.4 Stealth


You had one spell level left.
You didn't know any spells.
Your spell library was empty.

Dungeon Overview and Level Annotations

Branches:
Dungeon (2/15)

Altars:
Vehumet

Annotations:
D:2 Terence


Innate Abilities, Weirdness & Mutations

You have extremely sharp teeth.
When hurt, damage is shared between your health and your magic reserves.
Your bite disrupts and absorbs the magic of your enemies.
Potions cannot restore your health.
You are immune to rotting.


Message History

You hit the giant cockroach but do no damage.
The giant cockroach is almost dead.
* * * LOW HITPOINT WARNING * * *
You feel sick. The giant cockroach closely misses you.
You completely miss the giant cockroach.
You bite the giant cockroach, but do no damage.
The giant cockroach is almost dead.
The giant cockroach barely misses you.
You hit the giant cockroach.
You kill the giant cockroach!
The adder closely misses you.
You closely miss the adder. The adder bites you.
* * * LOW HITPOINT WARNING * * *
You hit the adder.
The adder is moderately wounded.
The adder barely misses you.
You hit the adder. You bite the adder. You drain its power.
You feel invigorated.
The adder is almost dead.
You die...

.....###..##.#
...#...#..##.#
...###.#...#.# ...#
#...#.#.# ..##
###.#...# ### ####..#
##### #..# #...#
#..####.#.#
#######...S@...#
#......>.#####.#
#.######.# #...#
#.##.#...# #.###
#....#.### #...#
#######...### ###.# #
#...........# #.#
###.######....# #.#
..............#####.#


You could see an adder.

Vanquished Creatures
  A dart slug (D:1)
  2 giant cockroaches (D:1)
  3 goblins (D:1)
  3 hobgoblins (D:1)
  A bat (D:1)
  3 frilled lizards
  2 kobolds (D:1)
  A rat (D:1)
16 creatures vanquished.

Notes
Turn   | Place    | Note
-------+----------+-------------------------------------------
     0 | D:1      | Kairos the Vine Stalker Assassin began the quest for the
                  | Orb.
     0 | D:1      | Reached XP level 1. HP: 11/11 MP: 2/2
    61 | D:1      | Reached skill level 5 in Stealth
   205 | D:1      | Reached XP level 2. HP: 12/15 MP: 3/3
   695 | D:2      | Noticed Terence
   754 | D:2      | Found a radiant altar of Vehumet.
   814 | D:1      | Succumbed to an adder's poison

Skill      XL: |  1  2 |
---------------+-------+-----
Stealth        | 5 |  5.4
Short Blades   | 2 |  2.0
Fighting       | 2 |  2.0
Throwing       | |  1.9
Dodging        | |  0.8

Action                   || total
-------------------------++-------
Melee: Dagger            ||    58
       Bite              ||    14
  Use: Scroll            ||     2
       Potion            ||     1
 Stab: Sleeping          ||     5
Armor: Robe              ||     4
       Leather armour    ||    13
Dodge: Dodged            ||    41
